AoeStats
← Kiritastrich

Hideout

508685001Analyzed
1v1 RM · 8d ago on Sep 23, 2026· 57m 19s· 2 players
Game mode
Random Map
Map size
Tiny (2 player)
Population
200
Speed
Normal
Resources
Standard
Victory
Conquest
Starting age
Dark Age
Ending age
Imperial Age
RankedLock teamsTeams togetherTeam positionsShared explorationLock speedFull tech treeHidden civsTurbo modeCheats
Victory
Defeat
🇬🇧 Magyars · United Kingdom
1863
+16
🇷🇺 Saxons · Russia
1856
-16
Kiritastrich
5:06 Loom
8:19 Feudal Age
13:30 Fletching
16:20 Padded Archer Armor
21:12 Castle Age
19:56 Double-Bit Axe
22:01 Scale Mail Armor
29:51 Sanctity
29:51 Redemption
30:04 Clerical Recruitment
34:40 Wheelbarrow
39:19 Imperial Age
36:56 Pikeman
38:02 Squires
39:48 Chain Mail Armor
40:16 Gold Mining
42:14 Plate Mail Armor
41:56 Halberdier
42:51 Arson
43:34 Shield Wall
45:07 Bodkin Arrow
46:41 Conscription
50:00 Bracer
50:17 Leather Archer Armor
52:56 Elite Skirmisher
55:38 Ballistics
DrLoops
9:52 Feudal Age
10:33 Feudal Age
9:03 Loom
14:52 Castle Age
13:41 Double-Bit Axe
22:03 Scale Barding Armor
23:05 Horse Collar
32:08 Bow Saw
33:48 Devotion
34:51 Wheelbarrow
38:33 Imperial Age
37:06 Bloodlines
36:56 Husbandry
37:10 Gold Mining
37:10 Stone Mining
37:58 Corvinian Army
39:04 Chain Barding Armor
38:34 Fletching
39:25 Gold Shaft Mining
39:57 Parthian Tactics
40:25 Thumb Ring
40:23 Bodkin Arrow
42:13 Bracer
42:26 Padded Archer Armor
43:38 Plate Barding Armor
45:02 Leather Archer Armor
44:33 Heavy Cavalry Archer
46:43 Conscription
47:34 Chemistry
48:19 Ballistics
49:37 Light Cavalry
50:51 Ring Archer Armor
51:12 Recurve Bow
54:14 Hussar
55:19 Hand Cart
54:49 Town Watch
56:29 Heavy Plow
Connection lost

Rejoining the realm…

Still unreachable

The connection could not be restored.

Session expired

The server has moved on; the page needs a fresh start.